 Dungeon Crawl Stone Soup version 0.31-a0-698-g4a7cf283bb (webtiles) character file.

Game seed: 12111121322258903351

770 qw the Skirmisher (level 7, -8/44 HPs)
             Began as a Gargoyle Hunter on Sept 7, 2023.
             Mangled by a two-headed ogre
             ... wielding a +0 giant club
              (20 damage)
             ... on level 5 of the Dungeon.
             The game lasted 00:01:48 (2843 turns).

qw the Skirmisher (Gargoyle Hunter)                 Turns: 2843, Time: 00:01:48

Health: -8/44      AC: 15    Str: 18    XL:     7   Next: 82%
Magic:  7/7        EV: 11    Int: 10    God:
Gold:   245        SH:  0    Dex: 14    Spells: 6/6 levels left

rFire   . . .        Y - +1 shortbow
rCold   + . .        (shield currently unavailable)
rNeg    + . .        e - +0 ring mail
rPois   inf          a - +0 helmet
rElec   +            (no cloak)
rCorr   .            d - +0 pair of gloves "Kilupocs" {Dex+2 Stlth+}
SInv    .            h - +2 pair of boots of Defence {Regen+ Str+4 Dex-3 Stlth+}
Will    .....        (no amulet)
Stlth   +++          b - ring of protection from cold
HPRegen 1.07/turn    (no ring)
MPRegen 0.10/turn

%: no passive effects
@: no status effects
A: sickness immunity, AC +4, negative energy resistance 1, electricity
resistance, torment resistance 1, petrification resistance
a: no special abilities


You were on level 5 of the Dungeon.
You visited 2 branches of the dungeon, and saw 6 of its levels.

You collected 245 gold pieces.


Innate Abilities, Weirdness & Mutations

You are immune to sickness and miasma.
Your stone body is resilient. (AC +4)
You are immune to poison.
You resist negative energy. (rN+)
You are resistant to electric shocks. (rElec)
You are resistant to unholy torment.
You are immune to petrification.


   Skills:
 - Level 5.0 Fighting
 + Level 8.1 Ranged Weapons
 - Level 2.1 Armour
 - Level 1.5 Dodging
 - Level 1.1 Stealth


You had 6 spell levels left.
You didn't know any spells.
Your spell library was empty.

Inventory:

Hand Weapons
 Y - a +1 shortbow (weapon)
Armour
 a - a +0 helmet (worn)
 d - the +0 pair of gloves "Kilupocs" (worn) {Dex+2 Stlth+}
   (You acquired it on level 1 of the Dungeon)

   Dex+2:     It affects your dexterity (+2).
   Stlth+:    It makes you more stealthy.
 e - a +0 ring mail (worn)
 h - the +2 pair of boots of Defence (worn) {Regen+ Str+4 Dex-3 Stlth+}
   (You acquired it on level 2 of the Dungeon)

   Str+4:     It affects your strength (+4).
   Dex-3:     It affects your dexterity (-3).
   Regen+:    It increases your rate of health regeneration.
   Stlth+:    It makes you more stealthy.
 l - a +2 helmet
Jewellery
 b - a ring of protection from cold (left hand)
 j - a ring of ice
Scrolls
 c - 2 scrolls of teleportation
 k - a scroll of identify
 m - 3 scrolls of torment {unknown}
Potions
 f - a potion of haste
 g - 3 potions of curing
 i - a potion of enlightenment
 n - a potion of heal wounds
 o - a potion of might

Dungeon Overview and Level Annotations

Branches:
Dungeon (5/15)             Temple (1/1) D:4

Altars:
Cheibriados
Elyvilon
Fedhas
Gozag
Hepliaklqana
Kikubaaqudgha
Makhleb
Ru
Trog
Uskayaw
Wu Jian
Yredelemnul
Zin
The Shining One


Message History

There is an escape hatch in the ceiling here.
A two-headed ogre comes into view. It is wielding two +0 giant clubs.
You shoot an arrow. The arrow hits the two-headed ogre.
The two-headed ogre shouts in stereo!
The two-headed ogre is lightly wounded.
You shoot an arrow. The arrow hits the two-headed ogre.
The two-headed ogre is lightly wounded.
You shoot an arrow. The arrow hits the two-headed ogre.
The two-headed ogre is lightly wounded.
You shoot an arrow.
The arrow hits the two-headed ogre but does no damage.
The two-headed ogre is lightly wounded.
You shoot an arrow. The arrow hits the two-headed ogre.
The two-headed ogre is moderately wounded.
The two-headed ogre hits you with a +0 giant club!
The two-headed ogre hits you with a +0 giant club.
You shoot an arrow. The arrow hits the two-headed ogre!
The two-headed ogre is moderately wounded.
The two-headed ogre hits you with a +0 giant club!
The two-headed ogre barely misses you.
You shoot an arrow. The arrow hits the two-headed ogre.
The two-headed ogre is heavily wounded.
You shoot an arrow. The arrow hits the two-headed ogre.
The two-headed ogre is heavily wounded.
The two-headed ogre closely misses you. The two-headed ogre barely misses you.
You shoot an arrow. The arrow hits the two-headed ogre.
The two-headed ogre is severely wounded.
The two-headed ogre hits you but does no damage.
The two-headed ogre closely misses you.
You shoot an arrow. The arrow hits the two-headed ogre.
The two-headed ogre is severely wounded.
You shoot an arrow. The arrow hits the two-headed ogre!
The two-headed ogre is almost dead.
The two-headed ogre hits you with a +0 giant club!
The two-headed ogre hits you but does no damage.
You shoot an arrow. The arrow hits the two-headed ogre!
The two-headed ogre is almost dead.
The two-headed ogre hits you with a +0 giant club!
The two-headed ogre hits you with a +0 giant club!!
You die...

#................##.#.#.####.#
#.#####.###.####......[......#
#.# #.# #.##.#.#.###..# #.#
#.# #.###...## #..# #.# #.#
##.####.## #..# #.#
#.###.......# #..# #..
.#.....###### #..# ###
#.####.# #..#### #@# #......
#.O....# #.##### ..####.#
#...... .... ####### #.#.# #
#.#.# # #.#.# # # #.# # #


You could see a two-headed ogre.

Vanquished Creatures
  A black bear (D:5)
  3 scorpions
  3 hounds
  2 orc priests
  An iguana (D:5)
  4 orc wizards
  Robin (D:2)
  10 adders
  A white imp (D:5)
  3 dart slugs
  13 orcs
  5 bats
  9 endoplasms
  4 giant cockroaches
  21 goblins
  10 hobgoblins
  2 jackals (D:3)
  8 kobolds
  3 quokkas
  5 ball pythons
  2 frilled lizards (D:2)
  7 rats
118 creatures vanquished.

Notes
Turn   | Place    | Note
-------+----------+-------------------------------------------
     0 | D:1      | qw the Gargoyle Hunter began the quest for the Orb.
     0 | D:1      | Reached XP level 1. HP: 12/12 MP: 1/1
     0 | D:1      | 0 ||| qw: Version: 0.3-a-76-g4403597
     0 | D:1      | 0 ||| qw: Game counter: 392
     0 | D:1      | 0 ||| qw: Melee chars always use a shield: true
     0 | D:1      | 0 ||| qw: God list: Okawaru
     0 | D:1      | 0 ||| qw: Allow faded altars: false
     0 | D:1      | 0 ||| qw: Do Orc after clearing Dungeon:15 true
     0 | D:1      | 0 ||| qw: Do second Lair branch before Depths: true
     0 | D:1      | 0 ||| qw: Lair rune preference: random
     0 | D:1      | 0 ||| qw: Goals: Normal
     0 | D:1      | 0 ||| PLANNING D:1-11
   108 | D:1      | Reached XP level 2. HP: 11/17 MP: 2/2
   251 | D:1      | Reached XP level 3. HP: 17/21 MP: 3/3
   342 | D:1      | Reached skill level 5 in Ranged Weapons
   438 | D:1      | Found a faded altar of an unknown god.
   519 | D:1      | 519 ||| READING 2 scrolls labelled BAOQA DERCHE.
   520 | D:1      | 520 ||| READING scroll labelled VOSASKIATU.
   521 | D:1      | 521 ||| READING scroll labelled CATOSHEFITH.
   521 | D:1      | Identified a scroll of acquirement
   521 | D:1      | 521 ||| ACQUIRING +0 pair of gloves "Kilupocs" {Dex+2
                  | Stlth+}
   521 | D:1      | Acquired the +0 pair of gloves "Kilupocs" {Dex+2 Stlth+}
   523 | D:1      | 523 ||| UPGRADING to +0 pair of gloves "Kilupocs" {Dex+2
                  | Stlth+}.
   528 | D:1      | 528 ||| READING scroll labelled AHETAE MAYKHLUD.
   533 | D:1      | 533 ||| READING 3 scrolls labelled LAQ YTRUEQIU.
   534 | D:1      | 534 ||| DRINKING 2 black potions.
   535 | D:1      | 535 ||| READING 2 scrolls of identify.
   535 | D:1      | 535 ||| IDENTIFYING brown potion
   536 | D:1      | 536 ||| DROPPING scroll of noise.
   537 | D:1      | 537 ||| DROPPING scroll of butterflies.
   586 | D:2      | Noticed Robin
   595 | D:2      | Killed Robin
   596 | D:2      | Reached skill level 3 in Fighting
   610 | D:2      | 610 ||| FLEEEEING.
   611 | D:2      | 611 ||| FLEEEEING.
   612 | D:2      | 612 ||| FLEEEEING.
   618 | D:2      | Reached XP level 4. HP: 18/28 MP: 4/4
   621 | D:2      | 621 ||| STAIRDANCE
   656 | D:1      | 656 ||| READING scroll labelled PIABYTE ITHRAEX.
   786 | D:2      | 786 ||| READING scroll of acquirement.
   786 | D:2      | 786 ||| ACQUIRING +2 pair of boots of Defence {Regen+ Str+4
                  | Dex-3 Stlth+}
   786 | D:2      | Acquired the +2 pair of boots of Defence {Regen+ Str+4
                  | Dex-3 Stlth+}
   788 | D:2      | 788 ||| UPGRADING to +0 helmet.
   793 | D:2      | 793 ||| UPGRADING to +0 ring mail.
   803 | D:2      | 803 ||| DROPPING +0 leather armour.
   804 | D:2      | 804 ||| UPGRADING to +2 pair of boots of Defence {Regen+
                  | Str+4 Dex-3 Stlth+}.
   946 | D:2      | Reached skill level 1 in Armour
  1356 | D:2      | 1356 ||| READING 2 scrolls of identify.
  1356 | D:2      | 1356 ||| IDENTIFYING white potion
  1357 | D:2      | 1357 ||| DROPPING potion of brilliance.
  1458 | D:3      | Reached XP level 5. HP: 32/32 MP: 5/5
  1659 | D:3      | Reached skill level 6 in Ranged Weapons
  1820 | D:3      | Reached XP level 6. HP: 37/37 MP: 6/6
  1856 | D:3      | 1856 ||| DROPPING ring of wizardry.
  1857 | D:3      | 1857 ||| READING scroll labelled TAOTHR ETUEMES.
  1858 | D:3      | 1858 ||| DRINKING 2 puce potions.
  1859 | D:3      | 1859 ||| DRINKING 2 sedimented black potions.
  1993 | D:4      | Found a staircase to the Ecumenical Temple.
  1994 | D:4      | 1994 ||| PLANNING TEMPLE
  2003 | Temple   | Entered the Ecumenical Temple
  2004 | Temple   | 2004 ||| PLANNING D:1-11
  2162 | D:4      | Found a glowing golden altar of the Shining One.
  2162 | D:4      | Found an opulent altar of Gozag.
  2163 | D:4      | Found a basalt altar of Yredelemnul.
  2172 | D:4      | Found a white marble altar of Elyvilon.
  2192 | D:4      | Reached skill level 7 in Ranged Weapons
  2221 | D:4      | Reached XP level 7. HP: 43/43 MP: 7/7
  2548 | D:4      | 2548 ||| UPGRADING to ring of protection from cold.
  2549 | D:4      | 2549 ||| DRINKING 2 fuming silvery potions.
  2586 | D:4      | 2586 ||| READING 3 scrolls of identify.
  2586 | D:4      | 2586 ||| IDENTIFYING fuming amethyst potion
  2587 | D:4      | 2587 ||| READING 2 scrolls of identify.
  2587 | D:4      | 2587 ||| IDENTIFYING coppery potion
  2588 | D:4      | 2588 ||| DROPPING potion of lignification.
  2589 | D:4      | 2589 ||| DROPPING potion of ambrosia.
  2609 | D:5      | Entered Level 5 of the Dungeon
  2669 | D:5      | Reached skill level 8 in Ranged Weapons
  2674 | D:5      | 2674 ||| FLEEEEING.
  2831 | D:5      | Noticed a two-headed ogre
  2843 | D:5      | Mangled by a two-headed ogre

Levels and vault maps discovered:
D:1:      lightli_arrival_lavapool, layout_rooms,
          shapermc_ecumenical_altar_mp_vishouse
D:2:      minmay_chambers_of_twos, layout_basic, serial_bayou,
          serial_bayou_crossing, serial_bayou_pond_a, serial_bayou_pond_c,
          serial_bayou_pond_d, dreamdust_princess_corridor, uniq_robin
D:3:      layout_basic
D:4:      layout_rooms, nicolae_overflow_quartered_altars,
          minmay_temple_entry_sparse_star, supply_closet_lemuel,
          minmay_crossroads
D:5:      layout_loops_ring, lemuel_round_altar
Temple:   hellmonk_temple_micro_hex

Skill      XL: |  1  2  3  4  5  6  7 |
---------------+----------------------+-----
Ranged Weapons | 5 6 7 8 |  8.1
Fighting       | 3 4 5 |  5.0
Armour         | 1 2 |  2.1
Dodging        | |  1.5
Stealth        | |  1.1

Action                     |  1- 3 |  4- 6 |  7- 9 || total
---------------------------+-------+-------+-------++-------
   Fire: Shortbow          |   102 |   257 |    85 ||   444
    Use: Scroll            |     6 |     4 |     2 ||    12
         Potion            |     1 |     2 |     1 ||     4
 Armour: Leather armour    |    30 |     1 |       ||    31
         Ring mail         |       |    88 |    46 ||   134
  Dodge: Dodged            |    24 |    79 |    28 ||   131

Table legend:
 A = Non-vault XP
 B = Vault XP
 C = Vault XP percentage of total XP
 D = Non-vault monster count
 E = Vault monster count
 F = Vault count percentage of total count
                 A         B        C        D         E       F
            +---------+---------+-------+---------+---------+-------
      Total |     917 |     183 |  16.6 |      96 |      22 |  18.6
            +---------+---------+-------+---------+---------+-------
        D:1 |      43 |       0 |   0.0 |      23 |       0 |   0.0
        D:2 |      41 |      57 |  58.2 |      12 |      19 |  61.3
        D:3 |     197 |       0 |   0.0 |      25 |       0 |   0.0
        D:4 |     279 |     126 |  31.1 |      25 |       3 |  10.7
        D:5 |     357 |       0 |   0.0 |      11 |       0 |   0.0
            +---------+---------+-------+---------+---------+-------
